 Dungeon Crawl Stone Soup version 0.25-a0-815-gab441bd002 (webtiles) character file.

Game seed: 5626888156929455298, levelgen mode: deterministic

36340 Maedhros the Covert (level 13, -18/84 HPs)
             Began as an Octopode Artificer on Apr 20, 2020.
             Was a High Priest of Cheibriados.
             Demolished by a balrug
             ... wielding a +2 vampiric demon whip
              (23 damage)
             ... in a Gauntlet.
             The game lasted 00:54:38 (8926 turns).

Maedhros the Covert (Octopode Artificer)            Turns: 8926, Time: 00:54:39

Health: -18/84     AC:  6    Str: 25    XL:     13   Next: 89%
Magic:  0/27       EV: 27    Int: 26    God:    Cheibriados [*****.]
Gold:   571        SH:  0    Dex: 31    Spells: 3/14 levels left

rFire    + . .     SeeInvis .     - Unarmed
rCold    . . .     Gourm    .   (no shield)
rNeg     . . .     Faith    .   (helmet restricted)
rPois    +         Spirit   +   E - amulet of guardian spirit
rElec    .         Reflect  .   l - +3 ring of protection
rCorr    .         Harm     .   n - +3 ring of evasion
MR       .....     NoTele   +   p - ring of stealth
Stlth    ++++++++..             t - +3 ring of dexterity
HPRegen  0.24/turn              a - ring of magical power
MPRegen  0.20/turn              I - ring of wizardry
                                F - ring of fire
                                J - ring of Free Expression {rPois rC+}

@: very slow
A: almost no armour, stealthy swim, amphibious, 8 rings, constrict 8, yellow
scales 1, camouflage 1, blurry vision 1, clever 1, strong 1, gelatinous body 1
a: Bend Time, Temporal Distortion, Slouch, Step From Time, Renounce Religion


You were in a Gauntlet.
You worshipped Cheibriados.
Cheibriados was extremely pleased with you.
You were not hungry.

You visited 4 branches of the dungeon, and saw 20 of its levels.
You also visited: Gauntlet.

You collected 1143 gold pieces.
You spent 572 gold pieces at shops.

Inventory:

Hand Weapons
 w - a +3 dagger of venom
 H - the +4 hand axe of Xahoanef {venom, MR+++, unknown}
   (You found it on level 6 of the Dungeon)

   It poisons the flesh of those it strikes.
   It affects your resistance to hostile enchantments.
Missiles
 y - 12 javelins
 B - 47 poisoned darts (quivered)
Jewellery
 a - a ring of magical power (on tentacle)
 l - a +3 ring of protection (left tentacle)
 n - a +3 ring of evasion (right tentacle)
 p - a ring of stealth (on tentacle)
 t - a +3 ring of dexterity (on tentacle)
 C - an uncursed amulet of the acrobat
 E - an amulet of guardian spirit (around mantle)
 F - a ring of fire (on tentacle)
 I - a ring of wizardry (on tentacle)
 J - the ring of Free Expression (on tentacle) {rPois rC+}
   (You found it in a Gauntlet)

   [ring of protection from cold]

   It protects you from cold.
   It protects you from poison.
 O - an uncursed ring of ice
Wands
 b - a wand of flame (10)
 c - a wand of enslavement (1)
 D - a wand of iceblast (9)
 G - a wand of clouds (2)
 K - a wand of polymorph (2)
Scrolls
 d - a scroll of identify
 h - 3 scrolls of fog
 i - 4 scrolls of amnesia
 k - 2 scrolls of immolation
 o - 3 scrolls of remove curse
 q - 2 scrolls of enchant armour
 r - 4 scrolls of teleportation
 u - 3 scrolls of blinking
 x - 4 scrolls of enchant weapon
 N - a scroll of noise
 P - a scroll of magic mapping
 R - a scroll of summoning {unknown}
Potions
 e - 3 potions of invisibility
 g - 9 potions of curing
 j - a potion of degeneration
 s - a potion of resistance {unknown}
 v - 2 potions of cancellation
 z - 4 potions of flight
 A - a potion of mutation
 L - a potion of magic {unknown}
 M - a potion of haste {unknown}
 S - a potion of brilliance {unknown}
Comestibles
 f - 17 rations


   Skills:
 + Level 6.3 Fighting
 - Level 1.0 Short Blades
 + Level 9.3 Dodging
 - Level 12.8 Stealth
 - Level 12.8 Unarmed Combat
 + Level 1.3 Spellcasting
 - Level 3.2 Conjurations
 - Level 8.1 Charms
 - Level 3.3 Air Magic
 - Level 4.0 Poison Magic
 - Level 6.2 Invocations
 + Level 7.9 Evocations


You had 3 spell levels left.
You knew the following spells:

 Your Spells              Type           Power        Failure   Level  Hunger
a - Mephitic Cloud        Conj/Pois/Air  ###.....     3%          3    ###....
b - Ozocubu's Armour      Chrm/Ice       ###.....     2%          3    ###....
c - Conjure Flame         Conj/Fire      ###.....     7%          3    ###....
d - Song of Slaying       Chrm           #####...     1%          2    ###....

Your spell library contained the following spells:

 Spells                   Type           Power        Failure   Level  Hunger
 Infusion                 Chrm           ####         1%          1    #......
 Magic Dart               Conj           ###.         1%          1    #......
 Shroud of Golubria       Chrm/Tloc      ###...       1%          2    ###....
 Spectral Weapon          Hex/Chrm       ###.....     2%          3    ###....
 Blink                    Tloc           N/A          7%          2    ###....
 Call Imp                 Summ           #.......     7%          2    ###....
 Slow                     Hex            #.......     7%          2    ###....


Dungeon Overview and Level Annotations

Branches:
Dungeon (14/15)            Temple (1/1) D:4            Lair (3/6) D:11
  Swamp (0/4) Lair:3        Snake (0/4) Lair:2          Orc (2/2) D:11
Gauntlet (1/1)
    Elf: Orc:2       Vaults: D:13-14

Altars:
Ashenzari
Cheibriados
Dithmenos
Elyvilon
Fedhas
Gozag
Hepliaklqana
Kikubaaqudgha
Makhleb
Nemelex Xobeh
Okawaru
Qazlal
Ru
Sif Muna
Trog
Uskayaw
Vehumet
Wu Jian
Xom
Yredelemnul
Zin
The Shining One
Beogh

Shops:
D:6 :   D:7 (   D:11 ?   Orc:2 *

Annotations:
D:9 exclusion: hydra
D:10 exclusion: ice beast, Gastronok
D:11 1 exclusion
Lair:1 exclusion: electric eel Gauntlet 9 transporters, 18 runed translucent doors, exclusion: 2 lightning spires


Innate Abilities, Weirdness & Mutations

You cannot wear most types of armour.
You are very stealthy in the water. (Stealth+)
You are amphibious.
You can wear up to eight rings at the same time.
You can use your tentacles to constrict eight enemies at once.
Your skin changes colour to match your surroundings (Stealth+).
Your rubbery body absorbs attacks. (AC +1, EV +1)
You are partially covered in yellow scales. (AC +2)
Scrolls take you a little longer to read.
Your mind is acute. (Int +2)
Your muscles are strong. (Str +2)


Message History

You are covered in liquid flames!
The balrug gestures at you.
The fireball explodes!
The fireball engulfs you! You resist.
* * * LOW HITPOINT WARNING * * *
The fireball engulfs the balrug.
The balrug completely resists.
You feel much better.
The balrug hits you with a +2 vampiric demon whip!!
* * * LOW HITPOINT WARNING * * *
You are engulfed in flames!
You resist.
* * * LOW HITPOINT WARNING * * *
The balrug draws strength from your wounds!
Unknown command.
You batter the balrug!! You squeeze the balrug!
The balrug is severely wounded.
The balrug gestures at you. The sticky flame misses you.
You bludgeon the balrug! Your squeeze misses the balrug.
The balrug is almost dead.
The balrug hits you with a +2 vampiric demon whip!!
You die...

###############
........................
........................
###########...#########
#§§§....##.8.#........
##.#...#.#§§..2#.#...#.#.....#
#.##..#####%.#§§.#..#####..##.##.
#.#...#...#[..#2#...#...#..##.##.
#©....#©.©#©...#@...#©.©#©.#.©.#.
#.#...#...#}..#.#...#...#..##†##.
#.##..#####..#...#..#####..##.##.
^..##.#...#.#.....#.#...#.#.....#
.....u#...##.......##...#........
#######...###########...#########
........§.............≈..........
.......≈8§...........≈8≈........∩
........≈.............§..........


You could see a balrug.

Vanquished Creatures
  A dire elephant (Lair:2)
  Fannar (D:10)
  3 hydras
  2 centaur warriors (D:13)
  Erica (D:8)
  A two-headed ogre (D:13)
  A queen ant (Gauntlet)
  An unseen horror (D:11)
  4 ugly things
  3 manticores
  20 elephants (Lair:2)
  A black mamba (Lair:2)
  A gargoyle (D:12)
  2 rime drakes (Lair:1)
  3 spiny frogs (Lair:2)
  A komodo dragon (D:11)
  3 trolls
  A meliai (shapeshifter) (D:13)
  5 blink frogs (Lair:2)
  4 slime creatures (D:13)
  5 hippogriffs
  A centaur simulacrum (D:14)
  2 wraiths (D:11)
  A wyvern (D:12)
  A vampire (D:13)
  30 yaks
  2 steam dragons (D:12)
  A hungry ghost (D:11)
  A naga (Lair:2)
  3 soldier ants (Gauntlet)
  3 water moccasins (Lair:2)
  An acid dragon (D:12)
  Duvessa (D:7)
  4 porcupines
  3 ice beasts
  10 orc warriors
  2 black bears
  A sky beast (D:6)
  7 ogres
  2 centaurs
  5 crocodiles
  A big kobold (D:10)
  9 bullfrogs
  A wyvern zombie (D:8)
  Dowan (D:7)
  6 scorpions
  8 killer bees
  3 wights (D:6)
  2 electric eels (Lair:1)
  3 howler monkeys (D:12)
  3 jellies
  2 crimson imps
  A bullfrog zombie (D:11)
  A centaur skeleton (D:11)
  3 bullfrog skeletons
  7 hounds
  7 orc wizards
  A quasit (D:11)
  7 orc priests
  Terence (D:2)
  5 iguanas
  14 worker ants
  A howler monkey skeleton (D:4)
  12 adders
  4 gnolls (D:7)
  3 shadow imps
  2 adder skeletons
  A worm (D:2)
  2 dart slugs
  6 leopard geckos
  44 orcs
  2 ball pythons
  2 bats
  4 giant cockroaches
  7 goblins
  7 hobgoblins
  4 jackals
  6 quokkas
  5 frilled lizards
  A giant cockroach zombie (D:6)
  2 goblin skeletons (D:6)
  A goblin zombie (D:6)
  A hobgoblin zombie (D:6)
  7 kobolds
  A kobold skeleton (D:6)
  2 kobold zombies (D:6)
  An orc skeleton (D:6)
  3 rats
  A plant (Lair:1)
363 creatures vanquished.

Vanquished Creatures (collateral kills)
  An orc sorcerer (Orc:2)
  An elephant (Lair:2)
  A naga (Lair:2)
  2 killer bees (D:7)
5 creatures vanquished.

Vanquished Creatures (others)
  A naga (Lair:2)
  2 killer bees (D:7)
  An adder (D:12)
  A leopard gecko zombie (D:8)
  56 fungi (Lair:2)
  21 plants
82 creatures vanquished.

Grand Total: 450 creatures vanquished

Notes
Turn   | Place    | Note
-------+----------+-------------------------------------------
     0 | D:1      | Maedhros the Octopode Artificer began the quest for the
                  | Orb.
     0 | D:1      | Reached XP level 1. HP: 13/13 MP: 3/3
   195 | D:1      | Reached skill level 1 in Unarmed Combat
   195 | D:1      | Reached XP level 2. HP: 6/18 MP: 4/4
   440 | D:2      | Found a burning altar of Makhleb.
   538 | D:3      | Reached XP level 3. HP: 21/23 MP: 5/5
   553 | D:3      | Found a white marble altar of Elyvilon.
   686 | D:4      | Found a staircase to the Ecumenical Temple.
   703 | Temple   | Entered the Ecumenical Temple
  1153 | D:4      | Reached XP level 4. HP: 28/28 MP: 6/6
  1406 | D:4      | Reached XP level 5. HP: 28/33 MP: 8/8
  2107 | D:3      | Found a shadowy altar of Dithmenos.
  2107 | D:3      | Found a shattered altar of Ashenzari.
  2108 | D:3      | Found a snail-covered altar of Cheibriados.
  2151 | D:3      | Found an ornate altar of the Wu Jian Council.
  2178 | D:3      | Found a faded altar of an unknown god.
  2280 | D:3      | Found a hazy altar of Hepliaklqana.
  2310 | D:3      | Became a worshipper of Cheibriados the Contemplative
  2334 | D:2      | Reached XP level 6. HP: 38/38 MP: 9/9
  2556 | D:2      | Noticed Terence
  2569 | D:2      | Killed Terence
  2569 | D:2      | Reached * piety under Cheibriados
  2806 | D:5      | Entered Level 5 of the Dungeon
  2942 | D:6      | Found an iron altar of Okawaru.
  2959 | D:6      | Reached XP level 7. HP: 43/43 MP: 10/10
  2968 | D:6      | Learned a level 3 spell: Mephitic Cloud
  2972 | D:6      | Learned a level 3 spell: Ozocubu's Armour
  2980 | D:6      | Found a sparkling altar of Nemelex Xobeh.
  3071 | D:6      | Reached skill level 5 in Evocations
  3185 | D:5      | Reached skill level 5 in Stealth
  3291 | D:6      | Reached ** piety under Cheibriados
  3291 | D:6      | Reached skill level 5 in Unarmed Combat
  3373 | D:6      | Reached XP level 8. HP: 51/51 MP: 12/12
  3403 | D:6      | Found a glowing golden altar of the Shining One.
  3443 | D:6      | Found Foappur's Book Boutique.
  3445 | D:6      | Got a smoking hand axe
  3474 | D:7      | Noticed a hippogriff
  3475 | D:7      | Killed a hippogriff
  3490 | D:7      | Reached *** piety under Cheibriados
  3567 | D:7      | Reached skill level 1 in Invocations
  3617 | D:7      | Found Qiotol's Weapon Emporium.
  3666 | D:7      | Found a bloodstained altar of Trog.
  3666 | D:7      | Found a glowing silver altar of Zin.
  3695 | D:7      | Reached skill level 1 in Poison Magic
  3720 | D:7      | Reached skill level 1 in Charms
  3720 | D:7      | Reached skill level 1 in Air Magic
  3720 | D:7      | Reached XP level 9. HP: 51/57 MP: 13/13
  3862 | D:7      | Found a shattered altar of Ashenzari.
  3903 | D:7      | Noticed Duvessa
  3904 | D:7      | Noticed Dowan
  3914 | D:7      | Killed Duvessa
  3917 | D:7      | Killed Dowan
  3949 | D:7      | Reached **** piety under Cheibriados
  4359 | D:8      | Found a radiant altar of Vehumet.
  4397 | D:8      | Noticed Erica
  4417 | D:8      | Killed Erica
  4417 | D:8      | Reached XP level 10. HP: 41/64 MP: 15/15
  4672 | D:9      | You fall into a shaft and drop 3 floors!
  4691 | D:12     | Noticed an eight-headed hydra
  4706 | D:12     | Killed an eight-headed hydra
  4706 | D:12     | Reached skill level 5 in Dodging
  4707 | D:12     | Reached ***** piety under Cheibriados
  4711 | D:12     | Reached skill level 5 in Invocations
  4750 | D:12     | Noticed a green ugly thing
  4752 | D:12     | Noticed a seven-headed hydra
  4810 | D:11     | Learned a level 3 spell: Conjure Flame
  4861 | D:11     | Noticed a manticore
  4870 | D:11     | Found a roughly hewn altar of Beogh.
  4880 | D:11     | Killed a manticore
  4881 | D:11     | Found a staircase to the Orcish Mines.
  4904 | D:10     | Entered Level 10 of the Dungeon
  4921 | D:10     | Noticed Gastronok
  5114 | D:10     | Noticed Fannar
  5125 | D:10     | Killed Fannar
  5176 | D:9      | Noticed a five-headed hydra
  5393 | D:10     | Reached skill level 5 in Fighting
  5393 | D:10     | Reached skill level 1 in Conjurations
  5393 | D:10     | Reached XP level 11. HP: 71/71 MP: 16/16
  5481 | D:11     | Killed an unseen horror
  5562 | D:11     | Found Hunicses's Magic Scroll Shoppe.
  5651 | D:11     | Found a staircase to the Lair.
  5683 | D:11     | Noticed a manticore
  5688 | D:11     | Killed a manticore
  5908 | D:12     | Killed a seven-headed hydra
  6017 | D:12     | Noticed a white ugly thing
  6025 | D:12     | Killed a white ugly thing
  6032 | D:12     | Killed a green ugly thing
  6067 | D:12     | Noticed a manticore
  6113 | D:12     | Reached skill level 5 in Charms
  6199 | D:13     | Noticed a manticore
  6204 | D:13     | Killed a manticore
  6204 | D:13     | Reached skill level 10 in Stealth
  6204 | D:13     | Reached XP level 12. HP: 72/79 MP: 17/17
  6239 | D:13     | Reached skill level 10 in Unarmed Combat
  6303 | D:13     | Noticed a centaur warrior
  6322 | D:13     | Killed a centaur warrior
  6405 | D:13     | Noticed a centaur warrior
  6416 | D:13     | Killed a centaur warrior
  6460 | D:13     | Noticed a two-headed ogre
  6470 | D:13     | Killed a two-headed ogre
  7053 | Orc:1    | Entered Level 1 of the Orcish Mines
  7132 | Orc:2    | Entered Level 2 of the Orcish Mines
  7132 | Orc:2    | Found Joellaf's Assorted Antiques.
  7140 | Orc:2    | Paralysed by an orc sorcerer for 7 turns
  7146 | Orc:2    | HP: 3/79 [orc sorcerer/+0 dagger (3)]
  7214 | Lair:1   | Entered Level 1 of the Lair of Beasts
  7264 | D:11     | Bought a scroll of acquirement for 572 gold pieces
  7264 | D:11     | Identified the Guide on Sinister Magic and Conjuration (You
                  | acquired it on level 11 of the Dungeon)
  7507 | Lair:1   | Noticed a six-headed hydra
  7912 | Lair:2   | Reached XP level 13. HP: 73/83 MP: 18/18
  8027 | Lair:2   | Found a staircase to the Snake Pit.
  8184 | Lair:2   | Gained mutation: Scrolls take you a little longer to read.
                  | [potion of mutation]
  8184 | Lair:2   | Gained mutation: You are partially covered in yellow
                  | scales. (AC +2) [potion of mutation]
  8184 | Lair:2   | Gained mutation: Your mind is acute. (Int +2) [potion of
                  | mutation]
  8184 | Lair:2   | Gained mutation: Your muscles are strong. (Str +2) [potion
                  | of mutation]
  8224 | Lair:2   | Noticed a dire elephant
  8237 | Lair:2   | Killed a dire elephant
  8501 | Lair:2   | Learned a level 2 spell: Song of Slaying
  8679 | Lair:2   | Reached skill level 1 in Spellcasting
  8718 | Lair:3   | Found a gate leading to a gauntlet.
  8725 | Gauntlet | Entered a Gauntlet
  8725 | Gauntlet | Found a transporter.
  8725 | Gauntlet | Found a transporter.
  8726 | Gauntlet | Found a transporter.
  8726 | Gauntlet | Found a transporter.
  8731 | Gauntlet | Found a transporter.
  8735 | Gauntlet | Found a transporter.
  8754 | Gauntlet | Found a transporter.
  8758 | Gauntlet | Found a transporter.
  8760 | Gauntlet | Found a large runed translucent door.
  8761 | Gauntlet | Found a large runed translucent door.
  8762 | Gauntlet | Found a large runed translucent door.
  8762 | Gauntlet | Found a large runed translucent door.
  8762 | Gauntlet | Found a runed translucent door.
  8762 | Gauntlet | Found a runed translucent door.
  8763 | Gauntlet | Found a large runed translucent door.
  8763 | Gauntlet | Found a large runed translucent door.
  8763 | Gauntlet | Found a large runed translucent door.
  8763 | Gauntlet | Found a large runed translucent door.
  8765 | Gauntlet | Found a transporter.
  8765 | Gauntlet | Found a transporter.
  8765 | Gauntlet | Noticed a balrug
  8769 | Gauntlet | Found a large runed translucent door.
  8769 | Gauntlet | Found a large runed translucent door.
  8769 | Gauntlet | Found a large runed translucent door.
  8770 | Gauntlet | Found a runed translucent gate.
  8771 | Gauntlet | Found a runed translucent gate.
  8772 | Gauntlet | Found a transporter.
  8772 | Gauntlet | Found a runed translucent gate.
  8781 | Gauntlet | Found a large runed translucent door.
  8782 | Gauntlet | Found a large runed translucent door.
  8785 | Gauntlet | Found a transporter.
  8900 | Gauntlet | Got a scorched steel ring
  8901 | Gauntlet | Identified the ring of Free Expression {rPois rC+} (You
                  | found it in a Gauntlet)
  8926 | Gauntlet | Demolished by a balrug

Levels and vault maps discovered:
D:1:      giann_horns, layout_basic
D:2:      layout_rooms, overflow_temple_1_default, kennysheep_generic_room_14,
          uniq_terence
D:3:      layout_loops_ring, elyvilon_altar_1,
          nicolae_overflow_quartered_altars, nicolae_overflow_hidden_temple,
          chequers_ecumenical_altar_island
D:4:      layout_basic, temple_pool_b, chequers_serial_rivers_large_a,
          interstate_on_off
D:5:      layout_basic, first_ration
D:6:      layout_loops_ring, nicolae_overflow_crystal_walls,
          kennysheep_mini_moat, nicolae_tso_besieged_by_evil, serial_shops,
          nicolae_shop_behind_doors
D:7:      layout_layer_cave, gammafunk_temple_overflow_pools, serial_shops,
          shop, grunt_ogre_cave, evilmike_ruin_ashenzari, uniq_duvessa
D:8:      layout_basic, fiery_altar_vehumet, uniq_erica
D:9:      layout_gridville
D:10:     layout_roguey, hangedman_glass_teeth, uniq_gastronok, uniq_fannar
D:11:     layout_irregular_city, david_lair_shrubbed, david_orc_5,
          portal_ice_cave_entry_pillars_1, serial_shops, shop
D:12:     layout_rooms, minmay_quadrilaterals
D:13:     layout_irregular_city
D:14:     layout_roguey, david_vaults_4, dk_noncrumbling_2, nicolae_wwwww
Temple:   jpeg_temple_island
Lair:1:   layout_roguey, serial_bayou, serial_bayou_crossing,
          serial_bayou_shore_a, serial_bayou_shore_b, serial_bayou_pond_d,
          serial_bayou_pond_a, serial_bayou_lagoon_a
Lair:2:   mu_elephants_graveyard, layout_loops_ring, guppyfry_snake_entry_island
Lair:3:   layout_loops_ring, swamp_mist, gammafunk_ghost_split,
          gauntlet_entry_generic, uniq_sonja
Orc:1:    layout_caves, nicolae_volcano_entry_s_turn, hangedman_minor_magic
Orc:2:    pf_orc_diabolical, layout_caves, serial_shops, shop, nooodl_orcs_dogs
Gauntlet: gammafunk_gauntlet_hard_choice [nicolae_gauntlet_swirl,
          nicolae_gauntlet_arena_blocks, gammafunk_gauntlet_arena_corners,
          nicolae_gauntlet_arena_x, minmay_gauntlet_arena_make_your_own_arena,
          gammafunk_gauntlet_arena_split_x, gauntlet_exit_hidden_loot]

Skill      XL: |  1  2  3  4  5  6  7  8  9 10 11 12 13 |
---------------+----------------------------------------+-----
Unarmed Combat | 1 2 3 4 5 6 7 8 9 11 12 | 12.8
Stealth        | 2 3 4 5 6 7 8 10 11 12 | 12.8
Evocations     | 4 5 6 7 |  7.9
Fighting       | 2 3 4 5 6 |  6.3
Dodging        | 3 4 5 6 8 9 |  9.3
Invocations    | 1 4 5 6 |  6.2
Poison Magic   | 1 3 4 |  4.0
Charms         | 1 2 3 5 6 8 |  8.1
Air Magic      | 1 2 3 |  3.3
Conjurations   | 1 3 |  3.2
Spellcasting   | 1 |  1.3
Short Blades   | |  1.0

Action                   |  1- 3 |  4- 6 |  7- 9 | 10-12 | 13-15 || total
-------------------------+-------+-------+-------+-------+-------++-------
Melee: Short sword       |    38 |    44 |       |       |       ||    82
       Constrict         |    11 |    24 |    44 |    55 |     6 ||   140
       Tentacles         |     6 |    23 |    67 |   142 |   114 ||   352
       Punch             |     1 |     2 |    24 |    51 |    61 ||   139
       Dagger            |       |    62 |   103 |       |       ||   165
       Unarmed           |       |       |    73 |   360 |   212 ||   645
Throw: Javelin           |       |       |     2 |       |       ||     2
       Dart              |       |       |       |     9 |     3 ||    12
 Cast: Ozocubu's Armour  |       |       |     6 |    17 |    17 ||    40
       Mephitic Cloud    |       |       |     1 |     5 |     2 ||     8
       Conjure Flame     |       |       |       |     2 |     1 ||     3
Invok: Slouch            |       |       |       |    10 |     2 ||    12
       Temporal Distorti |       |       |       |     1 |       ||     1
Evoke: Wand              |     2 |       |    14 |    42 |    12 ||    70
  Use: Scroll            |       |       |    12 |     9 |     4 ||    25
       Potion            |       |       |       |     2 |     5 ||     7
 Stab: Sleeping          |     8 |    23 |    20 |    14 |     2 ||    67
       Distracted        |       |     1 |       |     2 |       ||     3
       Paralysed         |       |       |     4 |     6 |       ||    10
       Confused          |       |       |       |     3 |     1 ||     4
       Betrayed ally     |       |       |       |     1 |       ||     1
  Eat: Chunk             |       |     6 |     4 |    13 |     6 ||    29
Armor: Skin              |     2 |    11 |    19 |    61 |    33 ||   126
Dodge: Dodged            |    25 |    69 |   138 |   296 |   213 ||   741

Table legend:
 A = Non-vault XP
 B = Vault XP
 C = Vault XP percentage of total XP
 D = Non-vault monster count
 E = Vault monster count
 F = Vault count percentage of total count
                 A         B        C        D         E       F
            +---------+---------+-------+---------+---------+-------
      Total |   35712 |   16203 |  31.2 |     299 |      68 |  18.5
            +---------+---------+-------+---------+---------+-------
        D:1 |      18 |       0 |   0.0 |      10 |       0 |   0.0
        D:2 |     109 |      39 |  26.4 |      21 |       3 |  12.5
        D:3 |      83 |       0 |   0.0 |      15 |       0 |   0.0
        D:4 |     244 |       0 |   0.0 |      15 |       0 |   0.0
        D:5 |     173 |       0 |   0.0 |      10 |       0 |   0.0
        D:6 |     751 |      58 |   7.2 |      17 |       9 |  34.6
        D:7 |    1503 |     342 |  18.5 |      34 |       3 |   8.1
        D:8 |     934 |     929 |  49.9 |      16 |       1 |   5.9
        D:9 |     346 |       0 |   0.0 |       5 |       0 |   0.0
       D:10 |     444 |     903 |  67.0 |       9 |       1 |  10.0
       D:11 |    3884 |     994 |  20.4 |      17 |      23 |  57.5
       D:12 |    4893 |    2111 |  30.1 |      36 |       4 |  10.0
       D:13 |    7404 |       0 |   0.0 |      24 |       0 |   0.0
       D:14 |     720 |       0 |   0.0 |       8 |       0 |   0.0
     Lair:1 |    3740 |       0 |   0.0 |      22 |       0 |   0.0
     Lair:2 |    9722 |    9504 |  49.4 |      34 |      20 |  37.0
      Orc:1 |     181 |       0 |   0.0 |       5 |       0 |   0.0
      Orc:2 |     563 |       0 |   0.0 |       1 |       0 |   0.0
   Gauntlet |       0 |    1323 | 100.0 |       0 |       4 | 100.0
            +---------+---------+-------+---------+---------+-------
